AoeStats
← oO[ToTti]Oo

Pilgrims

508290845Analyzed
2v2 RM · 10d ago on Sep 21, 2026· 21m 28s· 4 players
Game mode
Random Map
Map size
Medium (4 player)
Population
200
Speed
Normal
Resources
Standard
Victory
Conquest
Starting age
Dark Age
Ending age
Imperial Age
RankedLock teamsTeams togetherTeam positionsShared explorationLock speedFull tech treeHidden civsTurbo modeCheats
Victory
Defeat
🇩🇪 Celts · Germany
1261
+13
🇦🇷 Saracens · Argentina
1259
+14
🇪🇸 Tupi · Spain
1360
-19
🇪🇸 Franks · Spain
1051
-8
[MF]
2:56 Loom
13:43 Feudal Age
17:25 Castle Age
18:04 Double-Bit Axe
18:27 Fletching
20:10 Crossbowman
oO[ToTti]Oo
7:23 Loom
11:43 Feudal Age
12:10 Double-Bit Axe
17:44 Castle Age
18:00 Wheelbarrow
19:45 Forging
19:41 Scale Barding Armor
Fungus_Maximus
9:00 Loom
11:16 Feudal Age
11:57 Double-Bit Axe
12:11 Gold Mining
12:15 Town Watch
13:45 Fishing Lines
17:08 Castle Age
15:28 Scale Barding Armor
15:38 Forging
17:58 Husbandry
18:30 Chain Barding Armor
18:10 Gillnets
19:29 Wheelbarrow
Skavio22
9:57 Feudal Age
10:10 Loom
11:23 Double-Bit Axe
13:06 Town Watch
16:33 Fletching
20:15 Castle Age
20:20 Crossbowman
21:14 Bow Saw
21:20 Bodkin Arrow
Connection lost

Rejoining the realm…

Still unreachable

The connection could not be restored.

Session expired

The server has moved on; the page needs a fresh start.